 Dungeon Crawl Stone Soup version 0.23.2-40-g277498a001 (webtiles) character file.

Game seed: 16748122643474198720

315 Htamos the Magician (level 6, 0/34 HPs)
             Began as a Deep Elf Conjurer on Aug 25, 2019.
             Was an Initiate of Sif Muna.
             Slain by an orc priest
             ... wielding a +0 club
              (3 damage)
             ... on level 3 of the Dungeon.
             The game lasted 00:08:55 (3571 turns).

Htamos the Magician (Deep Elf Conjurer)             Turns: 3571, Time: 00:08:56

Health: 0/34       AC:  8    Str:  3 (5)  XL:     6   Next: 19%
Magic:  13/17      EV:  8    Int: 25 (27) God:    Sif Muna [......]
Gold:   151        SH:  0    Dex: 14 (15) Spells: 11/18 levels left

rFire    . . .     SeeInvis .   m - +1 dagger
rCold    . . .     Gourm    .   (no shield)
rNeg     . . .     Faith    .   n - +0 ring mail
rPois    .         Spirit   .   o - +1 helmet
rElec    .         Reflect  .   (no cloak)
rCorr    .         Harm     .   q - +0 pair of gloves
MR       .....                  (no boots)
Stlth    +.........             (no amulet)
HPRegen  0.11/turn              (no ring)
MPRegen  0.15/turn              (no ring)

@: brilliant, flying
A: no striking features
a: Renounce Religion


You were on level 3 of the Dungeon.
You worshipped Sif Muna.
Sif Muna was noncommittal.
You were not hungry.

You visited 1 branch of the dungeon, and saw 3 of its levels.

You collected 151 gold pieces.

Inventory:

Hand Weapons
 m - a +1 dagger (weapon)
Armour
 a - a +0 robe
 f - a +0 scale mail
 n - a +0 ring mail (worn)
 o - a +1 helmet (worn)
 q - a +0 pair of gloves (worn)
 r - a +0 cloak
Scrolls
 d - 4 scrolls of identify
 e - 3 scrolls of fog
 j - a scroll of amnesia {unknown}
Potions
 b - a potion of agility
Comestibles
 c - 9 rations


   Skills:
 - Level 1.2 Fighting
 + Level 3.5 Dodging
 - Level 2.4 Stealth
 + Level 6.7 Spellcasting
 * Level 5.5 Conjurations


You had 11 spell levels left.
You knew the following spells:

 Your Spells              Type           Power        Failure   Level  Hunger
a - Magic Dart            Conj           ####         1%          1    None
b - Searing Ray           Conj           ######       1%          2    None
c - Iskenderun's Mystic   Conj           ######..     7%          4    ###....

Your spell library contained the following spells:

 Spells                   Type           Power        Failure   Level  Hunger
 Dazzling Spray           Conj/Hex       #####.       6%          3    None
 Force Lance              Conj/Tloc      #####...     19%         4    ###....
 Fulminant Prism          Conj/Hex       #####.....   19%         4    ###....


Dungeon Overview and Level Annotations

Branches:
Dungeon (3/15)

Altars:
Sif Muna
Uskayaw


Message History

The orc priest calls down the wrath of Beogh upon you.
Beogh smites you!
* * * LOW HITPOINT WARNING * * *
The orc wizard mumbles some strange words.
The orc wizard blinks!
The orc priest invokes the aid of Beogh against you.
Pain shoots through your body!
* * * LOW HITPOINT WARNING * * *
Unknown command.
It was a potion of brilliance.
You feel clever all of a sudden. The orc priest closely misses you.
It was a potion of flight.
You feel very buoyant.
You fly up into the air.
The orc priest barely misses you.
It was a potion of degeneration.
There was something very wrong with that liquid.
You feel weakened.
You feel dopey.
You feel clumsy. The orc priest hits you with a +0 club.
You die...

........# #...# #<# ........#
#...# #.# ........#########...#
#.# ...............##...# #.#
...............##...# #.#
######.........##...# #.#
...............##...# #.#
..............o##...###### #.###
.o.o...o......Ko@........## #....
?..............##...####..# #####
######.........###### ##.# #
####################.## ###
##########.............##..####..
..÷.....(.....(..................
##########.............###.####.#
# #....÷........# #.## #.# #
#.......÷.....# #..# #)#


You could see an orc priest, an orc wizard and a kobold.

Vanquished Creatures
  Crazy Yiuf (D:2)
  2 orc priests
  An orc wizard (D:3)
  A worker ant (D:2)
  8 adders
  An ooze (D:3)
  3 worms (D:2)
  2 leopard geckos
  14 orcs
  3 giant cockroaches
  7 goblins
  9 hobgoblins
  3 jackals (D:2)
  3 ball pythons
  3 bats
  8 frilled lizards
  8 kobolds
  10 rats
87 creatures vanquished.

Notes
Turn   | Place    | Note
-------+----------+-------------------------------------------
     0 | D:1      | Htamos the Deep Elf Conjurer began the quest for the Orb.
     0 | D:1      | Reached XP level 1. HP: 10/10 MP: 6/6
   412 | D:1      | Reached XP level 2. HP: 15/15 MP: 3/8
   505 | D:1      | Reached skill level 4 in Spellcasting
  1011 | D:1      | Learned a level 2 spell: Searing Ray
  1045 | D:2      | Reached XP level 3. HP: 19/19 MP: 2/11
  1124 | D:2      | Reached skill level 5 in Spellcasting
  1321 | D:2      | Noticed a +0 hand axe
  1322 | D:2      | Noticed a +0 dagger
  1325 | D:2      | Found a hide-covered altar of Uskayaw.
  1504 | D:2      | Reached XP level 4. HP: 24/24 MP: 3/13
  1617 | D:2      | Reached skill level 6 in Spellcasting
  2330 | D:2      | Found a runed translucent door.
  2331 | D:2      | Noticed Crazy Yiuf
  2341 | D:2      | Killed Crazy Yiuf
  2341 | D:2      | Reached XP level 5. HP: 18/28 MP: 0/15
  2556 | D:3      | Reached skill level 1 in Fighting
  2556 | D:3      | Reached skill level 5 in Conjurations
  2559 | D:3      | Found a deep blue altar of Sif Muna.
  2894 | D:3      | Became a worshipper of Sif Muna the Loreminder
  2921 | D:3      | Learned a level 4 spell: Iskenderun's Mystic Blast
  3254 | D:3      | Reached XP level 6. HP: 34/34 MP: 11/17
  3571 | D:3      | Slain by an orc priest

Skill      XL: |  1  2  3  4  5 |
---------------+----------------+-----
Spellcasting   | 4 5 6 |  6.7
Dodging        | 3 |  3.5
Fighting       | 1 |  1.2
Conjurations   | 5 |  5.5
Stealth        | |  2.4

Action                   |  1- 3 |  4- 6 || total
-------------------------+-------+-------++-------
Melee: Dagger            |       |     4 ||     4
 Cast: Magic Dart        |    82 |   103 ||   185
       Searing Ray       |     8 |    11 ||    19
  Use: Scroll            |       |     7 ||     7
       Potion            |       |     3 ||     3
  Eat: Chunk             |     2 |     6 ||     8
Armor: Robe              |     2 |     1 ||     3
       Ring mail         |       |     8 ||     8
Dodge: Dodged            |     3 |    20 ||    23
